Map: [ESL] Site Delta

Players

Strange

  • Race: Protoss Protoss
  • Spawn Location: 5:00

Elazer - Winner!

  • Race: Zerg Zerg
  • Spawn Location: 11:00

Event: ESL SC2 Masters 2024 Spring (Regional)

VOD

Have the link to the VOD?

Description

Time

  • Played on: April 16, 2024, 10:57 a.m.
  • Length: 7:03

All games in this series

Show
View Real Time Build Order
Export as new Build Order

Strange Protoss 

Build Orders: 1 Gate Expand, Oracle Opening 

Get SALT Encoding   

  12  0:00  Probe  
  13  0:12  Probe  
  14  0:20  Pylon  
  14  0:24  Probe  
  15  0:38  Probe (Chrono Boost)  
  15  0:39  Gateway  
  16  0:47  Assimilator, Probe (Chrono Boost)  
  17  0:52  Probe (Chrono Boost)  
  18  1:04  Probe  
  19  1:16  Probe  
  20  1:23  Nexus  
  20  1:33  Cybernetics Core  
  20  1:36  Probe  
  21  1:42  Assimilator  
  21  1:48  Probe  
  21  1:52  Pylon  
  22  2:00  Probe (Chrono Boost)  
  23  2:07  Adept (Chrono Boost)  
  23  2:12  Probe (Chrono Boost)  
  23  2:14  Stargate  
  26  2:21  Probe (Chrono Boost)  
  26  2:22  Warp Gate  
  27  2:28  Probe (Chrono Boost)  
  28  2:31  Adept  
  28  2:35  Probe (Chrono Boost)  
  33  2:44  Probe x2 (Chrono Boost)  
  33  2:49  Probe (Chrono Boost)  
  33  2:51  Probe  
  39  3:01  Void Ray (Chrono Boost)  
  39  3:03  Probe  
  39  3:04  Probe  
  41  3:09  Pylon  
  41  3:15  Probe  
  41  3:16  Probe  
  41  3:19  Gateway  
  44  3:27  Probe  
  44  3:28  Probe  
  44  3:29  Oracle (Chrono Boost)  
  48  3:39  Probe  
  48  3:40  Probe  
  50  3:51  Pylon  
  50  3:53  Nexus  
  50  3:55  Probe x2  
  52  4:01  Assimilator x2  
  52  4:05  Robotics Facility  
  52  4:07  Probe  
  53  4:10  Pylon  
  53  4:11  Probe  
  54  4:19  Oracle x2, Probe  
  54  4:20  Sentry x2  
  54  4:23  Probe  
  60  4:31  Probe, Gateway  
  61  4:33  Gateway  
  61  4:38  Gateway  
  61  4:39  Gateway  
  61  4:47  Sentry  
  61  4:48  Sentry  
  61  4:49  Observer (Chrono Boost)  
  61  4:50  Gateway  
  66  4:53  Gateway  
  66  5:02  Immortal (Chrono Boost)  
  70  5:07  Pylon  
  70  5:09  Probe (Chrono Boost)  
  70  5:11  Sentry  
  73  5:27  Sentry x2, Warp Prism (Chrono Boost)  
  73  5:28  Zealot  
  79  5:30  Pylon  
  81  5:36  Zealot, Sentry  
  81  5:37  Zealot  
  81  5:42  Shield Battery  
  87  5:45  Stalker  
  87  5:49  Pylon x2  
  89  5:59  Adept x4  
  97  6:06  Pylon  
  97  6:15  Stalker x3  
  97  6:16  Zealot  
  105  6:30  Zealot x4  
  89  6:40  Stalker x3  
  89  6:46  Zealot  
  78  6:51  Zealot x3  
  72  6:58  Zealot  
Show
View Real Time Build Order
Export as new Build Order

Elazer Zerg - Winner!

Build Orders: Hatch First 

Get SALT Encoding   

  12  0:00  Drone  
  13  0:09  Drone  
  14  0:14  Extractor  
  14  0:15  Drone  
  15  0:37  Hatchery  
  15  0:41  Extractor  
  15  0:42  Drone  
  15  0:49  Overlord  
  15  1:03  Spawning Pool  
  14  1:07  Drone  
  14  1:10  Drone  
  16  1:13  Drone  
  17  1:18  Drone  
  18  1:29  Drone  
  19  1:39  Drone  
  20  1:49  Drone  
  20  1:50  Queen x2  
  20  1:51  Drone  
  26  1:59  Drone  
  26  2:01  Overlord  
  27  2:13  Hatchery  
  26  2:16  Drone  
  26  2:22  Drone  
  28  2:26  Queen  
  28  2:29  Overlord  
  30  2:33  Zergling x2  
  30  2:35  Drone  
  32  2:39  Drone  
  32  2:42  Queen  
  35  2:44  Drone  
  35  2:49  Overlord  
  36  2:54  Drone  
  36  2:57  Drone x3  
  40  2:59  Drone  
  40  3:05  Queen  
  43  3:12  Overlord  
  43  3:13  Drone  
  43  3:16  Drone  
  43  3:18  Drone  
  46  3:20  Extractor  
  46  3:21  Extractor  
  44  3:27  Roach Warren  
  44  3:28  Drone x2  
  44  3:32  Drone x4  
  49  3:35  Overlord  
  49  3:41  Drone x3  
  53  3:48  Zergling x6  
  53  3:50  Queen  
  53  3:54  Overlord  
  57  3:57  Spore Crawler  
  57  4:01  Queen  
  58  4:08  Drone x5  
  63  4:12  Drone x2  
  63  4:16  Drone x3  
  68  4:19  Metabolic Boost  
  68  4:22  Overlord  
  69  4:24  Drone  
  69  4:28  Drone x3  
  70  4:31  Drone x2  
  70  4:34  Overlord  
  70  4:36  Drone x2  
  74  4:40  Overlord  
  74  4:45  Lair  
  74  4:46  Drone x2  
  74  4:47  Drone  
  74  4:48  Drone  
  74  4:49  Drone  
  74  4:50  Extractor  
  78  4:52  Extractor  
  78  4:53  Extractor  
  78  4:55  Drone x2  
  78  4:56  Overlord  
  78  5:00  Drone  
  78  5:01  Drone x2  
  78  5:02  Zergling x2  
  78  5:03  Zergling x4  
  84  5:09  Zergling x6  
  87  5:14  Overlord  
  87  5:16  Hatchery  
  86  5:22  Spore Crawler x2, Drone x2  
  86  5:23  Drone x2  
  86  5:24  Drone  
  89  5:33  Overlord  
  89  5:34  Roach  
  89  5:35  Roach x4  
  99  5:39  Overlord  
  99  5:42  Roach x2, Extractor  
  102  5:45  Overlord  
  102  5:47  Roach x2  
  106  5:55  Roach x5  
  116  6:00  Drone x3  
  116  6:01  Overlord  
  116  6:02  Overlord  
  116  6:04  Ravager x4  
  120  6:05  Ravager  
  120  6:06  Ravager  
  120  6:07  Ravager  
  120  6:08  Ravager  
  126  6:14  Zergling x2, Ravager  
  126  6:15  Zergling x10  
  133  6:19  Zergling x8  
  129  6:39  Zergling x26  
  129  6:47  Ravager  
Tags
 
Add a new tag
Caveats
  • Supply blocks, unpowered buildings, or Contaminate may cause inaccurate times.
  • Supply counts are checked every 10 seconds.